 Dungeon Crawl Stone Soup version 0.23.2-40-g277498a001 (webtiles) character file.

Game seed: 11765756113987835990

355 Exodus22XD the Chopper (level 6, 0/56 HPs)
             Began as a Deep Dwarf Fighter on Sept 5, 2019.
             Slain by a yak (8 damage)
             ... on level 3 of the Dungeon.
             The game lasted 00:03:19 (1631 turns).

Exodus22XD the Chopper (Deep Dwarf Fighter)         Turns: 1631, Time: 00:03:19

Health: 0/56       AC:  7    Str: 21    XL:     6   Next: 36%
Magic:  4/4        EV:  9    Int:  9    God:
Gold:   128        SH: 10    Dex: 12    Spells: 5/5 levels left

rFire    . . .     SeeInvis .   a - +0 war axe
rCold    . . .     Gourm    .   c - +0 shield
rNeg     . . .     Faith    .   b - +0 scale mail
rPois    .         Spirit   .   (no helmet)
rElec    .         Reflect  .   (no cloak)
rCorr    .         Harm     .   (no gloves)
MR       .....                  (no boots)
Stlth    ..........             (no amulet)
HPRegen  0.00/turn              (no ring)
MPRegen  0.09/turn              (no ring)

@: non-regenerating
A: damage resistance, heal wounds, sense surroundings 1, no regeneration
a: Heal Wounds


You were on level 3 of the Dungeon.
You were not hungry.

You visited 1 branch of the dungeon, and saw 3 of its levels.

You collected 128 gold pieces.

Inventory:

Hand Weapons
 a - a +0 war axe (weapon)
Armour
 b - a +0 scale mail (worn)
 c - a +0 shield (worn)
Jewellery
 g - an uncursed amulet of the gourmand {unknown}
Wands
 q - a wand of flame (6)
Scrolls
 e - a scroll of remove curse {unknown}
 l - 2 scrolls of teleportation {unknown}
 m - 2 scrolls of identify {unknown}
 n - a scroll of fog {unknown}
 p - a scroll of fear {unknown}
Potions
 d - a potion of might
 h - a potion of heal wounds {unknown}
 j - a potion of brilliance {unknown}
 k - a potion of flight {unknown}
 o - a potion of agility {unknown}
Comestibles
 f - 6 rations
 i - 8 chunks of flesh


   Skills:
 + Level 3.2 Fighting
 + Level 4.8 Axes
 + Level 4.2 Armour
 * Level 3.0 Dodging
 + Level 4.4 Shields


You had 5 spell levels left.
You didn't know any spells.
Your spell library was empty.

Dungeon Overview and Level Annotations

Branches:
Dungeon (3/15)

Altars:
Gozag
Hepliaklqana
Okawaru
Qazlal
Ru
Vehumet
Xom

Annotations:
D:3 1 transporter


Innate Abilities, Weirdness & Mutations

You are resistant to damage.
You can heal yourself by infusing magical energy.
You passively map a small area around you.
You do not regenerate.


Message History

The yak barely misses you. The yak gores you!
You closely miss the yak.
The yak is severely wounded.
The yak gores you!
You closely miss the yak.
The yak is severely wounded.
You block the yak's attack.
You hit the yak.
The yak is severely wounded.
The yak barely misses you. The yak gores you!
Some of the chunks of flesh in your inventory have rotted away.
You slash the yak!
The yak is almost dead.
The yak gores you!
* * * LOW HITPOINT WARNING * * *
You hit the yak but do no damage.
The yak is almost dead.
The yak closely misses you.
You fail to use your ability.
The yak gores you!
You die...

##...#<######.# ****
##..#...# #.##
##.#.##### #..## #.##.#
*#######...##### .###..,
........©.....## ##
#.##*##..#########..#
#.# #.##8.....8##.# ###
####.# #.#....†Y...#.#
#.. .....#
#.#..#.@.#..#.# #.#
####. #.#.#.....#.#.#
#.# #.
#.#........©#.##### #.#
###.
#.#.#.....#.#.....###.#
#.#.###
#.#..#...#..#.........##
#.#....#
#.#..$?$((..#.###.###...
.#*#.#.###.##8$._=$8##.#
#....... ##
##.......#########..#
#####.#.
.###.#.####.....©.....##
#.#.


You could see a yak.

Vanquished Creatures
  Grinder (D:3)
  An orc priest (D:3)
  A hound skeleton (D:2)
  3 gnolls (D:3)
  4 adders (D:2)
  A worm (D:2)
  3 dart slugs
  3 orcs (D:3)
  6 bats
  2 giant cockroaches (D:1)
  6 goblins
  5 hobgoblins
  6 jackals
  6 kobolds
  A quokka (D:2)
  A ball python (D:2)
  A frilled lizard (D:3)
  3 rats
54 creatures vanquished.

Notes
Turn   | Place    | Note
-------+----------+-------------------------------------------
     0 | D:1      | Exodus22XD the Deep Dwarf Fighter began the quest for the
                  | Orb.
     0 | D:1      | Reached XP level 1. HP: 20/20 MP: 1/1
   157 | D:1      | Reached XP level 2. HP: 21/27 MP: 2/2
   169 | D:1      | Reached skill level 1 in Dodging
   561 | D:2      | Found an opulent altar of Gozag.
   561 | D:2      | Found a hazy altar of Hepliaklqana.
   567 | D:2      | Found a sacrificial altar of Ru.
   584 | D:2      | Found a radiant altar of Vehumet.
   647 | D:2      | Reached XP level 3. HP: 10/33 MP: 3/3
   648 | D:2      | Found an iron altar of Okawaru.
   648 | D:2      | Found a shimmering altar of Xom.
   827 | D:2      | Reached XP level 4. HP: 38/40 MP: 3/3
  1454 | D:3      | Reached XP level 5. HP: 30/49 MP: 4/4
  1491 | D:3      | Found a stormy altar of Qazlal.
  1492 | D:3      | Noticed a yak
  1496 | D:3      | Found a transporter.
  1556 | D:3      | Found a stormy altar of Qazlal.
  1585 | D:3      | Noticed Grinder
  1598 | D:3      | Killed Grinder
  1598 | D:3      | Reached XP level 6. HP: 36/56 MP: 4/4
  1603 | D:3      | Found a transporter.
  1631 | D:3      | Slain by a yak

Skill      XL: |  1  2  3  4  5 |
---------------+----------------+-----
Dodging        | 1 2 3 |  3.0
Axes           | 3 4 |  4.8
Fighting       | 3 |  3.2
Shields        | 4 |  4.4
Armour         | 4 |  4.2

Action                   |  1- 3 |  4- 6 || total
-------------------------+-------+-------++-------
Melee: War axe           |   126 |   100 ||   226
 Abil: Heal Wounds       |     1 |     3 ||     4
  Eat: Chunk             |       |     3 ||     3
Armor: Scale mail        |    54 |    28 ||    82
Dodge: Dodged            |    40 |    32 ||    72
Block: Shield            |    61 |    51 ||   112
